 Dungeon Crawl Stone Soup version 0.30-a0-241-g1121274140 (webtiles) character file.

Game seed: 2643189685262057765

66 Patoropollo the Conjurer (level 3, 28/28 HPs)
             Began as a Demonspawn Reaver on Oct 10, 2022.
             Quit the game on level 2 of the Dungeon on Feb 15, 2023.
             The game lasted 00:06:29 (1809 turns).

Patoropollo the Conjurer (Demonspawn Reaver)        Turns: 1809, Time: 00:06:30

Health: 28/28      AC:  7    Str: 12    XL:     3   Next: 96%
Magic:  6/6        EV: 11    Int: 16    God:
Gold:   95         SH:  0    Dex: 11    Spells: 5/6 levels left

rFire   . . .      SeeInvis .    a - +0 falchion
rCold   . . .      Faith    .    (no shield)
rNeg    . . .      Spirit   .    f - +0 troll leather armour
rPois   .          Reflect  .    (helmet restricted)
rElec   .          Harm     .    (no cloak)
rCorr   .          Rampage  .    (no gloves)
Will    .....                    c - +2 pair of boots
Stlth   +.........               (no amulet)
HPRegen 1.04/turn                (no ring)
MPRegen 0.10/turn                (no ring)

@: no status effects
A: antennae 1, powered by pain 1
a: no special abilities


You were on level 2 of the Dungeon.
You visited 1 branch of the dungeon, and saw 2 of its levels.

You collected 95 gold pieces.

Inventory:

Hand Weapons
 a - a +0 falchion (weapon)
Armour
 c - a +2 pair of boots (worn)
 f - a +0 troll leather armour (worn)
Jewellery
 h - a ring of ice
Scrolls
 b - 3 scrolls of identify {unknown}
 d - a scroll of vulnerability {unknown}
 e - a scroll of noise {unknown}
 i - a scroll of amnesia {unknown}
Potions
 g - 2 potions of heal wounds {unknown}
 j - a potion of attraction {unknown}
 k - a potion of curing {unknown}


   Skills:
 + Level 2.6 Fighting
 + Level 3.1 Long Blades
 + Level 2.3 Dodging
 + Level 2.4 Spellcasting
 + Level 3.4 Conjurations


You had 5 spell levels left.
You knew the following spells:

 Your Spells              Type           Power      Damage    Failure   Level
a - Kiss of Death         Conj/Necr      28%        2d7       13%         1

Your spell library contained the following spells:

 Spells                   Type           Power      Damage    Failure   Level
 Momentum Strike          Conj/Tloc      14%        3d8       19%         2
 Static Discharge         Conj/Air       14%        2-3/arc   19%         2
 Hailstorm                Conj/Ice       7%         3d4       36%         3
 Vhi's Electric Charge    Tloc/Air       2%         N/A       58%         3
 Arcjolt                  Conj/Air       3%         1d13      98%         5
 Lightning Bolt           Conj/Air       3%         1d15      98%         5


Dungeon Overview and Level Annotations

Branches:
Dungeon (2/15)

Altars:


Innate Abilities, Weirdness & Mutations

You have a pair of small antennae on your head.
You sometimes gain a little power by taking damage.


Message History

You kill the bat!
No target in view!
No target in view!
No target in view!
Found a stone staircase leading down.
There is a stone staircase leading down here.
You now have 95 gold pieces (gained 13).
You see here a +0 club.
You enter the shallow water.
Moving in this stuff is going to be slow.
You enter the shallow water.
Moving in this stuff is going to be slow.
You enter the shallow water.
Moving in this stuff is going to be slow.
A kobold comes into view. It is wielding a +0 short sword.
The kobold shouts!
A kobold is nearby!
A kobold is nearby!
You hit the kobold.
You kill the kobold!
No target in view!
No target in view!
No target in view!
Things that are here:
a +0 short sword; 4 stones; a kobold corpse You enter the shallow water.
Moving in this stuff is going to be slow.
You see here a +0 club.
There is an escape hatch in the ceiling here.
Done exploring.
Done exploring.
Done exploring.
Done exploring.
No target in view!
No target in view!
No target in view!
Saving game... please wait.
Welcome back, Patoropollo the Demonspawn Reaver.
Press ? for a list of commands and other information.
Are you sure you want to abandon this character and quit the game? (Confirm with "yes".)

#.....# #.#
###.########### ### #.#
#.# #.......####.####.#
#.# #.......##..#.....#
#.###<......##.#.##.###
#...........##.#.##.#
#####.......##.#.##.#
#............##.#
#.......##@####.#
##########......#
########


There were no monsters in sight!

Vanquished Creatures
  An adder (D:2)
  A dart slug (D:2)
  4 ball pythons
  10 endoplasms
  3 giant cockroaches
  2 goblins
  3 hobgoblins
  3 jackals (D:1)
  5 quokkas
  7 bats
  4 frilled lizards
  3 kobolds (D:2)
  A rat (D:1)
47 creatures vanquished.

Notes
Turn   | Place    | Note
-------+----------+-------------------------------------------
     0 | D:1      | Patoropollo the Demonspawn Reaver began the quest for the
                  | Orb.
     0 | D:1      | Reached XP level 1. HP: 16/16 MP: 3/3
   131 | D:1      | Gained mutation: You have a pair of small antennae on your
                  | head. [demonic ancestry]
   131 | D:1      | Reached XP level 2. HP: 13/22 MP: 5/5
   859 | D:1      | Gained mutation: You sometimes gain a little power by
                  | taking damage. [demonic ancestry]
   859 | D:1      | Reached XP level 3. HP: 27/28 MP: 6/6
  1162 | D:2      | Found a faded altar of an unknown god.
  1809 | D:2      | Quit the game

Illustrated notes

Levels and vault maps discovered:
D:1:      eino_arrival_cavern_b, layout_basic
D:2:      layout_loops_cross, chequers_ecumenical_altar_island

Skill      XL: |  1  2 |
---------------+-------+-----
Dodging        | 2 |  2.3
Long Blades    | 3 |  3.1
Fighting       | |  2.6
Spellcasting   | |  2.4
Conjurations   | |  3.4

Action                   || total
-------------------------++-------
Melee: Falchion          ||   172
       Punch             ||     1
 Cast: Kiss of Death     ||     1
Armor: Leather armour    ||    34
       Troll leather arm ||    44
Dodge: Dodged            ||   112

Table legend: (Time is in decaauts)
 A = Elapsed time spent in this place.
 B = Non-inter-level travel time spent in this place.
 C = Inter-level travel time spent in this place.
 D = Time resting spent in this place.
 E = Time spent auto-exploring this place.
 F = Levels seen in this place.
 G = Mean time per level.
                   A        B        C        D        E       F      G
               +--------+--------+--------+--------+--------+-----+--------+
         Total |   1842 |   1782 |     60 |      0 |   1410 |   2 |  921.0 |
       Dungeon |   1842 |   1782 |     60 |      0 |   1410 |   2 |  921.0 |
               +--------+--------+--------+--------+--------+-----+--------+

Top non-repeatable levels by time:
     D:1: 1150 daAuts
     D:2: 691 daAuts
